 Seeded DCSS version 0.31.0-12-g77e489cdc1 (webtiles) character file.

Game seed: 6191535086807984498 (custom seed)

1155 McKennaii the Conjurer (level 7, -4/50 HPs)
             Began as a Demigod Conjurer on Feb 29, 2024.
             Killed from afar by a white imp (7 damage)
             ... with a puff of frost
             ... on level 7 of the Dungeon.
             The game lasted 00:04:55 (6749 turns).

McKennaii the Conjurer (Demigod Conjurer)           Turns: 6749, Time: 00:04:56

Health: -4/50      AC:  7    Str:  8    XL:     7   Next: 94%
Magic:  0/19       EV: 12    Int: 28    God:
Gold:   533        SH:  0    Dex: 12    Spells: 11/18 levels left

rFire   . . .        (no weapon)
rCold   . . .        (no shield)
rNeg    . . .        a - +0 robe
rPois   .            h - +0 helmet
rElec   .            x - +0 cloak
rCorr   +            (no gloves)
SInv    .            s - +2 pair of boots
Will    +....        (no amulet)
Stlth   ++           y - ring of willpower
HPRegen 0.28/turn    z - ring of resist corrosion
MPRegen 0.16/turn

%: no passive effects
@: no status effects
A: high MP 1, forlorn, divine attributes
a: no special abilities


You were on level 7 of the Dungeon.
You visited 1 branch of the dungeon, and saw 7 of its levels.
You also visited: Ossuary.

You collected 533 gold pieces.

Inventory:

Armour
 a - a +0 robe (worn)
 h - a +0 helmet (worn)
 s - a +2 pair of boots (worn)
 x - a +0 cloak (worn)
Jewellery
 y - a ring of willpower (left hand)
 z - a ring of resist corrosion (right hand)
 A - a ring of poison resistance
Wands
 F - a wand of acid (5)
Scrolls
 d - 6 scrolls of teleportation {unknown}
 g - 2 scrolls of enchant weapon {unknown}
 i - a scroll of summoning {unknown}
 k - 4 scrolls of identify {unknown}
 l - a scroll of fog {unknown}
 m - 3 scrolls of noise {unknown}
 q - 2 scrolls of revelation {unknown}
 r - a scroll of silence {unknown}
 t - 3 scrolls of enchant armour {unknown}
 B - a scroll of vulnerability {unknown}
 C - a scroll of torment {unknown}
 D - a scroll of blinking {unknown}
 E - a scroll of amnesia {unknown}
Potions
 b - 3 potions of magic
 c - 3 potions of cancellation {unknown}
 e - 2 potions of berserk rage {unknown}
 f - 3 potions of might {unknown}
 j - 2 potions of curing {unknown}
 n - 2 potions of degeneration {unknown}
 o - 2 potions of haste {unknown}
 p - a potion of attraction {unknown}
 u - 2 potions of enlightenment {unknown}
 v - 2 potions of mutation {unknown}
 w - 2 potions of heal wounds {unknown}


   Skills:
 - Level 1.7 Dodging
 - Level 1.7 Stealth
 + Level 6.0 Spellcasting
 + Level 7.3 Conjurations


You had 11 spell levels left.
You knew the following spells:

 Your Spells              Type           Power      Damage    Failure   Level
a - Magic Dart            Conj           100%       1d8       1%          1
b - Searing Ray           Conj           98%        2d8       1%          2
c - Iskenderun's Mystic   Conj/Tloc      28%        2d7       14%         4

Your spell library contained the following spells:

 Spells                   Type           Power      Damage    Failure   Level
 Call Imp                 Summ           16%        N/A       9%          2
 Cigotuvi's Dreadful Rot  Necr/Alch/Air  16%        N/A       9%          2
 Sublimation of Blood     Necr           8%         N/A       9%          2
 Flame Wave               Conj/Fire      28%        2d9       14%         4
 Fulminant Prism          Conj/Alch      14%        3d9       14%         4
 Inner Flame              Hex/Fire       8%         N/A       19%         3
 Dispel Undead            Necr           8%         3d8       52%         4
 Martyr's Knell           Necr/Summ      8%         N/A       52%         4
 Sticky Flame             Fire/Alch      8%         2d4       52%         4
 Death Channel            Necr           4%         N/A       100%        6
 Summon Hydra             Summ           4%         N/A       100%        7


Dungeon Overview and Level Annotations

Branches:
Dungeon (7/15)             Temple (0/1) D:7         Ossuary (visited)

Shops:
D:2 (   D:5 [:


Innate Abilities, Weirdness & Mutations

You have an increased reservoir of magic. (+10% MP)
You shall have no god before yourself.
Your divine heritage dramatically boosts your attributes as you level up.


Message History

(Press . to maintain the ray.)
The centaur shoots an arrow.
The arrow hits you!
* * * LOW HITPOINT WARNING * * *
The searing ray hits the centaur!
The centaur is heavily wounded.
The centaur shoots an arrow.
The arrow closely misses you.
Casting: Searing Ray (safe; 1% risk of failure)
Confirm with . or Enter, or press ? or * to list all spells.
Restarting spell: Searing Ray (safe; 1% risk of failure)
Press: ? - help, Shift-Dir - straight line, f - orc priest, p - centaur
Aim: an orc priest, wielding a +0 trident and wearing a +0 leather armour (severely wounded, 83% to hit)
The searing ray misses the centaur.
The searing ray hits the orc priest.
The orc priest is almost dead. (Press . to maintain the ray.)
The centaur unwields a +0 orcbow.
The centaur barely misses you. The centaur misses you.
The orc priest barely misses you.
Unknown command.
Okay, then.
The searing ray hits the centaur!
The centaur is almost dead.
The searing ray misses the orc priest.
The centaur hits you but does no damage.
The centaur closely misses you. The centaur completely misses you.
The centaur kicks you.
* * * LOW HITPOINT WARNING * * *
The orc priest misses you.
Unknown command.
Unknown command.
The searing ray hits the centaur.
You kill the centaur!
The searing ray hits the orc priest!
You kill the orc priest!
Your Spellcasting skill increases to level 6!
Unknown command.
The searing ray hits the white imp.
The white imp is heavily wounded.
You finish channelling your searing ray.
The white imp gestures at you. The puff of frost hits you!
You die...

....................#
......................#
...........###..#######
...............##
....>..........#
.......$....#.....#
............##..#.#
............###.# ..
..#..@)..## .# ..
#####5## .. . ..# #..
..)5 .. ...).. .......#
....)...# ..........


You could see a white imp.

Vanquished Creatures
  A black bear (D:6)
  A centaur (D:7)
  3 bullfrogs
  A scorpion (D:4)
  A bombardier beetle (D:4)
  4 hounds
  3 jellies
  2 orc priests (D:7)
  An iguana (D:5)
  4 orc wizards (D:6)
  8 mummies (Ossuary)
  7 gnolls
  4 adders
  2 dart slugs
  13 orcs
  3 ball pythons
  8 bats
  15 endoplasms
  2 giant cockroaches
  7 goblins
  3 jackals (D:5)
  9 kobolds
  3 quokkas
  8 frilled lizards
  A gnoll zombie (Ossuary)
  2 hobgoblin zombies (Ossuary)
  3 kobold zombies (Ossuary)
  2 orc zombies (Ossuary)
  3 rats
124 creatures vanquished.

Notes
Turn   | Place    | Note
-------+----------+-------------------------------------------
     0 | D:1      | McKennaii the Demigod Conjurer began the quest for the Orb.
     0 | D:1      | Reached XP level 1. HP: 14/14 MP: 5/5
   353 | D:1      | Reached XP level 2. HP: 20/20 MP: 5/7
  1062 | D:1      | Learned a level 2 spell: Searing Ray
  1081 | D:2      | Reached skill level 4 in Conjurations
  1289 | D:2      | Reached XP level 3. HP: 26/26 MP: 6/9
  1829 | D:2      | Reached XP level 4. HP: 22/33 MP: 4/11
  1983 | D:2      | Found Anyoj's Weapon Shoppe.
  2722 | D:3      | Reached XP level 5. HP: 38/38 MP: 8/13
  3138 | D:4      | Reached skill level 5 in Conjurations
  3150 | D:4      | Found a sand-covered staircase.
  3224 | Ossuary  | Entered an ossuary
  3998 | D:4      | Reached XP level 6. HP: 45/45 MP: 7/15
  4003 | D:4      | Learned a level 4 spell: Iskenderun's Mystic Blast
  4773 | D:5      | Entered Level 5 of the Dungeon
  4937 | D:5      | Found Afef's Self-Published Books.
  5273 | D:5      | Reached skill level 6 in Conjurations
  5336 | D:5      | Found Asted's Armour Shoppe.
  5558 | D:6      | Reached XP level 7. HP: 49/50 MP: 12/17
  5710 | D:6      | Reached skill level 5 in Spellcasting
  6646 | D:7      | Found a staircase to the Ecumenical Temple.
  6653 | D:7      | Reached skill level 7 in Conjurations
  6749 | D:7      | Killed from afar by a white imp

Illustrated notes

Levels and vault maps discovered:
D:1:      nzn_arrival_crosshair, layout_basic, minmay_distorted
D:2:      cheibrodos_fertilizer, layout_loops_ring, serial_shops,
          nicolae_shop_statue_plus, shapermc_ecumenical_altar_acropolis
D:3:      layout_loops_cross, elyvilon_altar_5
D:4:      layout_basic, minitemple, enter_ossuary_5, minmay_misc_feat_rugged,
          minmay_misc_feat_alley, st_stairs_6, minmay_diced_spiral
D:5:      layout_loops_ring, serial_shops, shop, nicolae_custom_books
D:6:      layout_loops_ring, roderic_batcave
D:7:      layout_rooms, temple_fountains

Skill      XL: |  1  2  3  4  5  6  7 |
---------------+----------------------+-----
Spellcasting   | 2 3 4 6 |  6.0
Conjurations   | 4 5 6 7 |  7.3
Dodging        | |  1.7
Stealth        | |  1.7

Action                     |  1- 3 |  4- 6 |  7- 9 || total
---------------------------+-------+-------+-------++-------
  Melee: Unarmed           |       |     1 |       ||     1
   Cast: Magic Dart        |    64 |   158 |    42 ||   264
         Searing Ray       |     1 |     8 |    12 ||    21
 Armour: Robe              |     7 |    15 |    29 ||    51
  Dodge: Dodged            |     2 |    11 |    25 ||    38
